 Dungeon Crawl Stone Soup version 0.31-a0-164-g2312942fda (webtiles) character file.

Game seed: 669617186940488565

515 qw the Shooter (level 7, 0/43 HPs)
             Began as a Gargoyle Hunter on June 13, 2023.
             Was an Initiate of Okawaru.
             Slain by Duvessa
             ... wielding a +0 heavy long sword
              (22 damage)
             ... on level 4 of the Dungeon.
             The game lasted 00:01:34 (2966 turns).

qw the Shooter (Gargoyle Hunter)                    Turns: 2966, Time: 00:01:35

Health: 0/43       AC: 12    Str: 15    XL:     7   Next: 20%
Magic:  7/7        EV: 11    Int:  9    God:    Okawaru [......]
Gold:   263        SH:  0    Dex: 15    Spells: 6/6 levels left

rFire   . . .        Y - +3 shortbow
rCold   . . .        (shield currently unavailable)
rNeg    + . .        f - +0 ring mail
rPois   inf          h - +0 helmet
rElec   +            b - +0 cloak
rCorr   .            (no gloves)
SInv    .            (no boots)
Will    .....        c - amulet of faith
Stlth   +            (no ring)
HPRegen 0.27/turn    (no ring)
MPRegen 0.10/turn

%: faith
@: no status effects
A: sickness immunity, AC +4, negative energy resistance 1, electricity
resistance, torment resistance 1, petrification resistance
a: Renounce Religion


You were on level 4 of the Dungeon.
You worshipped Okawaru.
Okawaru was noncommittal.
You visited 2 branches of the dungeon, and saw 5 of its levels.

You collected 263 gold pieces.


Innate Abilities, Weirdness & Mutations

You are immune to sickness and miasma.
Your stone body is resilient. (AC +4)
You are immune to poison.
You resist negative energy. (rN+)
You are resistant to electric shocks. (rElec)
You are resistant to unholy torment.
You are immune to petrification.


   Skills:
 - Level 4.0 Fighting
 + Level 7.5 Ranged Weapons
 - Level 2.0 Armour
 - Level 1.5 Dodging
 - Level 1.1 Stealth


You had 6 spell levels left.
You didn't know any spells.
Your spell library was empty.

Inventory:

Hand Weapons
 Y - a +3 shortbow (weapon)
Armour
 b - a +0 cloak (worn)
 e - a +0 pair of boots
 f - a +0 ring mail (worn)
 h - a +0 helmet (worn)
Jewellery
 c - an amulet of faith (around neck)
 n - an amulet of regeneration
Scrolls
 a - 2 scrolls of identify
 l - a scroll of enchant armour {unknown}
Potions
 d - a potion of might
 g - 2 potions of curing
 i - a potion of degeneration {unknown}
 j - a potion of heal wounds {unknown}
 k - a potion of lignification {unknown}

Dungeon Overview and Level Annotations

Branches:
Dungeon (4/15)             Temple (1/1) D:4

Altars:
Ashenzari
Elyvilon
Gozag
Hepliaklqana
Makhleb
Okawaru
Qazlal
Ru
Sif Muna
Trog
Vehumet
Wu Jian
Yredelemnul
Zin

Annotations:
D:4 Duvessa


Message History

Enter note:
Enter note:
Enter note:
Enter note:
Enter note:
Enter note:
Enter note:
Enter note:
Enter note:
Enter note:
Enter note:
Enter note:
There is an empty arch of ancient stone here.
Duvessa, Sister of Dowan comes into view.
She is wielding a +0 heavy long sword.
Found a short sword and a glowing rapier.
Found a bloodstained altar of Trog.
Duvessa goes berserk!
Enter note:
Enter note:
Enter note:
Enter note:
Enter note:
Enter note:
Enter note:
Enter note:
Enter note:
Enter note:
Enter note:
Enter note: You shoot an arrow.
The arrow barely misses Duvessa.
You shoot an arrow. The arrow hits Duvessa.
Duvessa is lightly wounded.
Duvessa hits you with a +0 heavy long sword!!
You shoot an arrow. The arrow hits Duvessa.
Duvessa is lightly wounded.
Duvessa barely misses you.
You shoot an arrow. The arrow hits Duvessa.
Duvessa is lightly wounded.
Duvessa hits you with a +0 heavy long sword!!
Ouch! That really hurt!
You die...

...###'###
#####....#.....
#....#..)..
#.>..#..... #####!...#
#...# #........#
#...##
.......#.#####...##
.#.#.#.#.#._.##.e.##
......)#.#.:.###@..#
.....#.#.##...#\#...#
.......#.###...###.).#
.>...#.#.# ##...##._.#
.......#.#####...#####
.....#.#...####...##
.......###)...##...#
.#.#.#.# ####......#
.......# ########


You could see Duvessa (berserk).

Vanquished Creatures
  A black bear (D:4)
  Dowan (D:4)
  A vampire bat (D:3)
  An orc priest (D:4)
  A jelly (D:4)
  An orc wizard (D:3)
  Robin (D:3)
  5 adders
  3 worms
  14 orcs
  2 spectral bats (D:3)
  3 bat skeletons (D:3)
  A bat zombie (D:3)
  8 endoplasms
  3 fire bats (D:3)
  3 giant cockroaches
  8 goblins
  11 hobgoblins
  4 jackals (D:2)
  3 quokkas
  7 ball pythons
  15 bats
  A bat simulacrum (D:3)
  6 frilled lizards
  2 kobolds
  8 rats
114 creatures vanquished.

Notes
Turn   | Place    | Note
-------+----------+-------------------------------------------
     0 | D:1      | qw the Gargoyle Hunter began the quest for the Orb.
     0 | D:1      | Reached XP level 1. HP: 12/12 MP: 1/1
     0 | D:1      | 0 ||| qw: Version: 0.2-a-29-gc1b59c4
     0 | D:1      | 0 ||| qw: Game counter: 4530
     0 | D:1      | 0 ||| qw: Always use a shield: true
     0 | D:1      | 0 ||| qw: God list: Okawaru
     0 | D:1      | 0 ||| qw: Allow faded altars: false
     0 | D:1      | 0 ||| qw: Do Orc after D:15 true
     0 | D:1      | 0 ||| qw: Do second Lair branch before Depths: true
     0 | D:1      | 0 ||| qw: Lair rune preference: random
     0 | D:1      | 0 ||| qw: Plans: Normal, Zot:1-4, Slime:5, God:TSO, Crypt,
                  | Tomb, Abyss, Pan, Hells, Win
     0 | D:1      | 0 ||| PLANNING D:1-11
   168 | D:1      | Reached XP level 2. HP: 17/17 MP: 2/2
   317 | D:1      | 317 ||| UPGRADING to +0 ring mail.
   330 | D:1      | 330 ||| DROPPING +0 leather armour.
   337 | D:1      | 337 ||| READING 2 scrolls labelled ICHOZX IMAOP.
   341 | D:1      | 341 ||| READING scroll labelled DYETAE QYSEAM.
   347 | D:1      | 347 ||| READING scroll labelled BUTOP UWAAHAP.
   546 | D:1      | 546 ||| READING scroll of enchant weapon.
   546 | D:1      | 546 ||| ENCHANTING +1 shortbow.
   652 | D:1      | Reached skill level 1 in Armour
   875 | D:1      | 875 ||| DROPPING scroll of butterflies.
  1052 | D:2      | Reached XP level 3. HP: 21/21 MP: 3/3
  1092 | D:2      | Found a faded altar of an unknown god.
  1300 | D:2      | Reached skill level 5 in Ranged Weapons
  1566 | D:2      | 1566 ||| UPGRADING to +0 helmet.
  1571 | D:2      | 1571 ||| UPGRADING to amulet of regeneration.
  1576 | D:2      | 1576 ||| READING scroll labelled CINNOE LIYXUKK.
  1581 | D:2      | 1581 ||| READING scroll labelled KAANOTHR DUODEUC.
  1582 | D:2      | 1582 ||| READING scroll labelled PIDIANITITH.
  1583 | D:2      | 1583 ||| READING 2 scrolls labelled LUOGAELYSO.
  1587 | D:2      | 1587 ||| READING scroll labelled FAELILO YNIE.
  1588 | D:2      | 1588 ||| READING 2 scrolls of identify.
  1588 | D:2      | 1588 ||| IDENTIFYING black potion
  1589 | D:2      | 1589 ||| DROPPING scroll of torment.
  1672 | D:3      | 1672 ||| Stepping ~*~*~tactically~*~*~ (outnumbered).
  1674 | D:3      | Reached XP level 4. HP: 27/27 MP: 4/4
  1685 | D:3      | Reached skill level 3 in Fighting
  1964 | D:3      | Reached XP level 5. HP: 32/32 MP: 5/5
  1988 | D:3      | Noticed Robin
  1990 | D:3      | 1990 ||| Stepping ~*~*~tactically~*~*~ (outnumbered).
  2010 | D:3      | Killed Robin
  2039 | D:3      | Reached skill level 6 in Ranged Weapons
  2050 | D:3      | 2050 ||| Stepping ~*~*~tactically~*~*~ (outnumbered).
  2099 | D:3      | Reached XP level 6. HP: 38/38 MP: 6/6
  2254 | D:3      | 2254 ||| UPGRADING to amulet of faith.
  2264 | D:3      | 2264 ||| READING scroll labelled SEIROITTOIFE.
  2265 | D:3      | 2265 ||| DRINKING 3 fizzy red potions.
  2331 | D:4      | Found an opulent altar of Gozag.
  2337 | D:4      | Noticed a black bear
  2355 | D:4      | Killed a black bear
  2356 | D:4      | Reached skill level 7 in Ranged Weapons
  2372 | D:4      | 2372 ||| FLEEEEING.
  2373 | D:4      | 2373 ||| FLEEEEING.
  2374 | D:4      | 2374 ||| FLEEEEING.
  2375 | D:4      | 2375 ||| FLEEEEING.
  2376 | D:4      | 2376 ||| FLEEEEING.
  2377 | D:4      | 2377 ||| FLEEEEING.
  2380 | D:4      | 2380 ||| FLEEEEING.
  2384 | D:4      | 2384 ||| FLEEEEING.
  2391 | D:4      | 2391 ||| STAIRDANCE
  2545 | D:4      | 2545 ||| READING scroll of enchant weapon.
  2545 | D:4      | 2545 ||| ENCHANTING +2 shortbow.
  2558 | D:4      | Found a staircase to the Ecumenical Temple.
  2559 | D:4      | 2559 ||| PLANNING TEMPLE
  2559 | D:4      | 2559 ||| UPGRADING to +0 cloak.
  2564 | D:4      | 2564 ||| READING 2 scrolls of identify.
  2564 | D:4      | 2564 ||| IDENTIFYING murky golden potion
  2565 | D:4      | 2565 ||| DROPPING potion of enlightenment.
  2574 | Temple   | Entered the Ecumenical Temple
  2575 | Temple   | 2575 ||| PLANNING OKAWARU WORSHIP
  2581 | Temple   | Became a worshipper of Warmaster Okawaru
  2581 | Temple   | 2581 ||| PLANNING D:1-11
  2604 | D:4      | Reached XP level 7. HP: 43/43 MP: 7/7
  2672 | D:4      | Found a basalt altar of Yredelemnul.
  2907 | D:4      | Noticed Dowan
  2914 | D:4      | 2914 ||| FLEEEEING.
  2929 | D:4      | Killed Dowan
  2951 | D:4      | Found a shimmering blue altar of Sif Muna.
  2962 | D:4      | Found a bloodstained altar of Trog.
  2962 | D:4      | Noticed Duvessa
  2966 | D:4      | Slain by Duvessa

Levels and vault maps discovered:
D:1:      ldierk_walled_garden, layout_basic, serial_bayou_lagoon_a,
          minmay_pentomino_z4
D:2:      layout_loops_ring, basic_ecumenical_altar,
          wander_ebering_terrifying_dragon_lair
D:3:      layout_rooms, wad_floor_pattern_1, goddamned_bats, uniq_robin
D:4:      wad_pebble_path, layout_gridville,
          nzn_overflow_gifts_of_might_and_magic,
          mainiacjoe_overflow_tiny_flanked, kennysheep_little_box,
          minmay_temple_entry_glass, roderic_roman_lattice
Temple:   hellmonk_temple_micro_hex

Skill      XL: |  1  2  3  4  5  6  7 |
---------------+----------------------+-----
Armour         | 1 2 |  2.0
Ranged Weapons | 5 6 7 |  7.5
Fighting       | 3 4 |  4.0
Dodging        | |  1.5
Stealth        | |  1.1

Action                     |  1- 3 |  4- 6 |  7- 9 || total
---------------------------+-------+-------+-------++-------
   Fire: Shortbow          |   109 |   229 |    30 ||   368
    Use: Scroll            |    10 |     3 |       ||    13
         Potion            |       |     1 |       ||     1
 Armour: Leather armour    |     9 |       |       ||     9
         Ring mail         |    19 |   123 |     3 ||   145
  Dodge: Dodged            |    33 |   143 |     4 ||   180

Table legend:
 A = Non-vault XP
 B = Vault XP
 C = Vault XP percentage of total XP
 D = Non-vault monster count
 E = Vault monster count
 F = Vault count percentage of total count
                 A         B        C        D         E       F
            +---------+---------+-------+---------+---------+-------
      Total |     448 |     288 |  39.1 |      76 |      38 |  33.3
            +---------+---------+-------+---------+---------+-------
        D:1 |      22 |       6 |  21.4 |      13 |       4 |  23.5
        D:2 |      42 |       1 |   2.3 |      18 |       1 |   5.3
        D:3 |     108 |     212 |  66.2 |      23 |      32 |  58.2
        D:4 |     276 |      69 |  20.0 |      22 |       1 |   4.3
            +---------+---------+-------+---------+---------+-------
